 Dungeon Crawl Stone Soup version 0.31-a0-844-gdc52ec4e09 (webtiles) character file.

Game seed: 18026454513274224428

14771 Joey1 the Severer (level 11, -6/148 HPs)
             Began as a Minotaur Berserker on Sept 30, 2023.
             Was a High Priest of Trog.
             Mangled by Rupert
             ... wielding a +1 great sword of holy wrath
              (12 damage)
             ... on level 3 of the Lair of Beasts.
             The game lasted 00:22:09 (9619 turns).

Joey1 the Severer (Minotaur Berserker)              Turns: 9619, Time: 00:22:09

Health: -6/148     AC: 14    Str: 27    XL:     11   Next: 93%
Magic:  10/10      EV: 10    Int:  4    God:    Trog [*****.]
Gold:   474        SH:  7    Dex:  9    Spells: 10/10 levels left

rFire   . . .        K - +2 broad axe (heavy)
rCold   . . .        g - +1 buckler {AC+3}
rNeg    . . .        w - +0 chain mail
rPois   .            (helmet restricted)
rElec   .            (no cloak)
rCorr   +            F - +1 pair of gloves
SInv    .            (no boots)
Will    ++...        U - amulet of regeneration Stlth
                     y - +4 ring of slaying
HPRegen 2.24/turn    C - ring of resist corrosion
MPRegen 0.12/turn

%: no passive effects
@: berserking, strong-willed, regenerating, studying Stealth, very quick
A: horns 2, retaliatory headbutt
a: Renounce Religion, Berserk, Trog's Hand, Brothers in Arms


You were on level 3 of the Lair of Beasts.
You worshipped Trog.
Trog was extremely pleased with you.
You visited 3 branches of the dungeon, and saw 12 of its levels.

You collected 474 gold pieces.

Inventory:

Hand Weapons
 a - a +0 hand axe
 J - a +0 war axe
 K - a +2 heavy broad axe (weapon)
 M - a +1 mace of venom
 O - the +9 flail of Qoleffeblemn {flame, rElec rF+ rN+}
   (You found it on level 8 of the Dungeon)

   rF+:       It protects you from fire.
   rElec:     It insulates you from electricity.
   rN+:       It protects you from negative energy.
Missiles
 s - 3 curare-tipped darts
 x - 3 throwing nets
Armour
 b - a +0 animal skin
 c - an orb of light
 f - a +0 scale mail
 g - a +1 buckler of protection (worn)
 l - the orb of Bad Feelings {*channel, rElec rC+ rN++ MP+9}
   (You found it on level 2 of the Dungeon)

   rC+:       It protects you from cold.
   rElec:     It insulates you from electricity.
   rN++:      It greatly protects you from negative energy.
   MP+9:      It affects your magic capacity (+9).
   Trog disapproves of the use of such an item.
 w - a +0 chain mail (worn)
 E - a +0 pair of gloves
 F - a +1 pair of gloves (worn)
 T - a +0 kite shield
Jewellery
 e - an amulet of the acrobat
 r - a ring of fire
 y - a +4 ring of slaying (left hand)
 C - a ring of resist corrosion (right hand)
 G - a ring of protection from cold
 U - an amulet of regeneration (around neck)
 V - a +6 ring of strength
Wands
 z - a wand of flame (36)
 R - a wand of iceblast (7)
 S - a wand of paralysis (6)
Scrolls
 d - 2 scrolls of revelation
 h - 3 scrolls of blinking
 j - 3 scrolls of noise
 k - 3 scrolls of teleportation
 n - 2 scrolls of amnesia {unknown}
 u - 2 scrolls of fear {unknown}
 A - a scroll of torment {unknown}
 D - a scroll of enchant weapon {unknown}
 I - a scroll of immolation {unknown}
 N - a scroll of poison {unknown}
 P - a scroll of fog {unknown}
 Q - a scroll of vulnerability {unknown}
Potions
 i - a potion of invisibility {unknown}
 m - a potion of haste {unknown}
 o - 5 potions of curing
 p - a potion of lignification {unknown}
 q - 7 potions of degeneration
 t - 2 potions of mutation {unknown}
 v - a potion of attraction {unknown}
 B - 2 potions of heal wounds
 H - 3 potions of brilliance {unknown}
 L - 2 potions of enlightenment {unknown}


   Skills:
 - Level 10.0 Fighting
 - Level 18.0 Axes
 - Level 3.0 Armour
 - Level 5.0 Dodging
 + Level 10.1 Shields


You had 10 spell levels left.
You didn't know any spells.
Your spell library was empty.

Dungeon Overview and Level Annotations

Branches:
Dungeon (8/15)             Temple (1/1) D:7            Lair (3/5) D:8
  Swamp (0/4) Lair:2
  Snake: Lair:2-3    Spider: Lair:2-3

Altars:
Cheibriados
Dithmenos
Elyvilon
Fedhas
Gozag
Hepliaklqana
Kikubaaqudgha
Makhleb
Nemelex Xobeh
Okawaru
Qazlal
Ru
Sif Muna
Trog
Uskayaw
Vehumet
Wu Jian
Xom
Yredelemnul
Zin
The Shining One

Shops:
D:6 *

Annotations:
Lair:2 1 runed translucent door, beavisfan's ghost, journeyman DsSh
Lair:3 Rupert


Innate Abilities, Weirdness & Mutations

You have a pair of horns on your head.
You reflexively headbutt those who attack you in melee.


Message History

You hit the yak. You block the yak's attack.
Rupert hits you with a +1 great sword of holy wrath.
You slice Rupert!!
Rupert is heavily wounded.
You slash the yak! You barely miss the yak. The yak gores you!
The yak misses you. You furiously retaliate!
You headbutt the yak!!
Rupert roars madly and goes into a rage!
Rupert goes berserk!
You slash the yak!
You kill the yak!
Trog accepts your kill.
You hit Rupert. You hit the yak.
Rupert hits you with a +1 great sword of holy wrath!!!
The yak gores you but does no damage.
Your Shields skill increases to level 10!
A red film seems to cover your vision as you go berserk!
You feel yourself moving faster!
You feel mighty! You block Rupert's attack. The yak gores you.
Rupert closely misses you.
You slice Rupert!!
Rupert is severely wounded.
You slash the yak!
Rupert hits you with a +1 great sword of holy wrath!!!
* * * LOW HITPOINT WARNING * * *
The yak gores you.
* * * LOW HITPOINT WARNING * * *
You slice Rupert!! You headbutt Rupert.
Rupert is almost dead.
You slash the yak! Rupert barely misses you.
You slice Rupert!! Your headbutt misses Rupert.
Rupert is almost dead.
You hit the yak.
You kill the yak!
Trog accepts your kill.
Rupert hits you with a +1 great sword of holy wrath!!
* * * LOW HITPOINT WARNING * * *
You slash Rupert! Your headbutt misses Rupert.
Rupert is almost dead.
Rupert hits you with a +1 great sword of holy wrath!
You die...
Rupert roars with triumph.

.## ......P ..## #......P
..#... ...### #.......
....P## .#...###.....# ......
##...†#......# ..(.#
##...........# ....# #.
#..........# ..!.## #P..
##..#.#..##.P# ##@k...###PP..
.....#....#..###@.# #........
.....##...#...#.†#.##........
#....##.........####......P..
##........###....#P#.†...P#
#.#.......# #P............#..
.#........###..........<.....
........>.##..#..†...........
#..........##...##.......###.
##.....P........#.........#


You could see Rupert (berserk) and a rime drake.

Vanquished Creatures
  A hydra (Lair:2)
  2 black mambas
  3 cane toads
  8 komodo dragons
  3 rime drakes
  3 polar bears
  3 blink frogs (Lair:2)
  A shadow (D:8)
  2 wyverns
  13 yaks
  3 steam dragons
  Edmund (D:6)
  11 water moccasins
  3 black bears
  4 ice beasts
  An orc warrior (D:6)
  2 ogres
  4 wolves
  3 centaurs
  A phantom (D:5)
  5 scorpions
  7 bullfrogs
  14 killer bees
  5 electric eels
  A crimson imp (D:4)
  12 orc priests
  6 hounds
  6 jellies
  A gnoll bouda (D:8)
  2 sleepcaps
  5 iguanas
  7 orc wizards
  6 hell rats (Lair:1)
  A mummy (D:6)
  Robin (D:3)
  11 gnolls
  5 adders
  2 white imps
  A worm (D:4)
  4 dart slugs
  42 orcs
  5 bats
  7 endoplasms
  3 giant cockroaches
  11 goblins
  11 hobgoblins
  7 jackals
  4 quokkas
  4 ball pythons
  4 frilled lizards
  A goblin skeleton (D:4)
  A goblin zombie (D:4)
  2 hobgoblin zombies (D:4)
  9 kobolds
  A kobold zombie (D:4)
  2 orc skeletons (D:4)
  4 orc zombies (D:6)
  9 rats
301 creatures vanquished.

Vanquished Creatures (others)
  An orc (D:6)
1 creature vanquished.

Grand Total: 302 creatures vanquished

Notes
Turn   | Place    | Note
-------+----------+-------------------------------------------
     0 | D:1      | Joey1 the Minotaur Berserker began the quest for the Orb.
     0 | D:1      | Reached XP level 1. HP: 19/19 MP: 0/0
   126 | D:1      | Reached XP level 2. HP: 27/27 MP: 1/1
   138 | D:1      | Reached skill level 4 in Axes
   322 | D:1      | Reached ** piety under Trog
   572 | D:1      | Reached XP level 3. HP: 33/33 MP: 2/2
   811 | D:2      | Found a faded altar of an unknown god.
   929 | D:2      | Identified the orb of Bad Feelings {*channel, rElec rC+
                  | rN++ MP+9}
  1405 | D:3      | Reached skill level 5 in Axes
  1405 | D:3      | Reached XP level 4. HP: 7/41 MP: 3/3
  1604 | D:3      | Found a hide-covered altar of Uskayaw.
  1755 | D:3      | Reached *** piety under Trog
  1814 | D:3      | Reached XP level 5. HP: 32/47 MP: 4/4
  2067 | D:3      | Noticed Robin
  2078 | D:3      | Killed Robin
  2650 | D:4      | Reached skill level 5 in Fighting
  2650 | D:4      | Reached skill level 6 in Axes
  2661 | D:4      | Reached **** piety under Trog
  2781 | D:4      | Found a sparkling altar of Nemelex Xobeh.
  2847 | D:4      | Reached XP level 6. HP: 50/56 MP: 5/5
  3091 | D:4      | Found a glowing golden altar of the Shining One.
  3108 | D:4      | Reached skill level 7 in Axes
  3268 | D:4      | Reached XP level 7. HP: 40/61 MP: 6/6
  3665 | D:5      | Entered Level 5 of the Dungeon
  3710 | D:5      | Reached skill level 8 in Axes
  3710 | D:5      | Reached skill level 5 in Dodging
  3720 | D:5      | Reached skill level 9 in Axes
  3888 | D:5      | Reached XP level 8. HP: 58/68 MP: 7/7
  3965 | D:5      | Reached skill level 10 in Axes
  4202 | D:5      | Reached skill level 11 in Axes
  4499 | D:5      | Reached skill level 12 in Axes
  4772 | D:6      | Reached XP level 9. HP: 65/74 MP: 8/8
  4849 | D:6      | Reached skill level 13 in Axes
  5077 | D:6      | Reached skill level 14 in Axes
  5186 | D:6      | Noticed Edmund
  5194 | D:6      | Killed Edmund
  5289 | D:6      | Found an opulent altar of Gozag.
  5289 | D:6      | Found Gozag's Platinum Reserve.
  5325 | D:6      | Reached ***** piety under Trog
  5773 | D:7      | Found a staircase to the Ecumenical Temple.
  5909 | D:7      | Reached skill level 1 in Shields
  5958 | D:7      | Found a glowing silver altar of Zin.
  6369 | Temple   | Entered the Ecumenical Temple
  6593 | D:8      | Noticed a polar bear
  6595 | D:8      | Reached XP level 10. HP: 86/90 MP: 9/9
  6623 | D:8      | Received a gift from Trog
  6698 | D:8      | Reached skill level 5 in Shields
  6704 | D:8      | Found a staircase to the Lair.
  6792 | D:8      | Identified the +9 flail of Qoleffeblemn {flame, rElec rF+
                  | rN+}
  6937 | D:8      | Found a white marble altar of Elyvilon.
  7003 | D:8      | Found a basalt altar of Yredelemnul.
  7116 | Lair:1   | Entered Level 1 of the Lair of Beasts
  7131 | Lair:1   | Reached skill level 15 in Axes
  7237 | Lair:1   | Noticed a black mamba
  7247 | Lair:1   | Killed a black mamba
  7653 | Lair:1   | Reached skill level 10 in Fighting
  7831 | Lair:1   | Found a radiant altar of Vehumet.
  8243 | Lair:1   | Reached skill level 16 in Axes
  8349 | Lair:2   | Noticed a black mamba
  8352 | Lair:2   | Killed a black mamba
  8384 | Lair:2   | Identified the +2 leather armour "Mitre" {-Cast -Tele
                  | Rampage +Inv}
  8450 | Lair:2   | Found a staircase to the Swamp.
  8450 | Lair:2   | Noticed a six-headed hydra
  8457 | Lair:2   | Killed a six-headed hydra
  8458 | Lair:2   | Reached XP level 11. HP: 75/99 MP: 10/10
  8651 | Lair:2   | Reached skill level 17 in Axes
  8827 | Lair:2   | Received a gift from Trog
  9068 | Lair:2   | Reached skill level 18 in Axes
  9135 | Lair:2   | Found a runed translucent door.
  9137 | Lair:2   | Noticed beavisfan's ghost (journeyman DsSh)
  9605 | Lair:3   | Noticed Rupert
  9615 | Lair:3   | Reached skill level 10 in Shields
  9618 | Lair:3   | HP: 4/148 [Rupert/+1 great sword of holy wrath (29)]
  9619 | Lair:3   | Mangled by Rupert

Illustrated notes

Levels and vault maps discovered:
D:1:      eino_arrival_water_cross, layout_loops_cross, hangedman_decor_push
D:2:      layout_loops_ring, ebering_ecumenical_altar_mist,
          dreamdust_mushroom_princess, patterned_corridor
D:3:      layout_basic, mainiacjoe_overflow_paths, uniq_robin
D:4:      layout_rooms, nemelex_diamond_rough_becter,
          nicolae_tso_besieged_by_evil, nicolae_nh_ransacked_shop
D:5:      layout_gridville
D:6:      layout_cave_pools, nicolae_gozag_zags_fifth_avenue,
          minmay_mini_ossuary, uniq_edmund
D:7:      layout_gridville, zin_statuary, temple_doors_e, hex_medium,
          serial_park_tiny_pond
D:8:      layout_rooms, kennysheep_ying_yang, hellmonk_lair_entry_icy
Temple:   compressed_dpeg_circular_temple
Lair:1:   layout_gridlike, basic_altar, infiniplex_staircase_pool,
          lemuel_fruit_tree
Lair:2:   layout_hall_layers, minmay_swamp_entry_reptiles,
          gammafunk_ghost_grave, serial_bayou_lake_a
Lair:3:   layout_layer_cave, minmay_snake_entry_guardpost_medium,
          beast_lair_carwin_5, lemuel_fruit_fields, uniq_rupert

Skill      XL: |  1  2  3  4  5  6  7  8  9 10 11 |
---------------+----------------------------------+-----
Axes           | 4 5 6 7 9 12 14 16 18 | 18.0
Fighting       | 4 5 8 10 | 10.0
Armour         | 3 |  3.0
Dodging        | 3 4 5 |  5.0
Shields        | 4 5 10 | 10.1

Action                     |  1- 3 |  4- 6 |  7- 9 | 10-12 || total
---------------------------+-------+-------+-------+-------++-------
  Melee: Hand axe          |    87 |   136 |   259 |       ||   482
         Headbutt          |    18 |    32 |    47 |    33 ||   130
         War axe           |       |       |     4 |    70 ||    74
         Broad axe         |       |       |       |   128 ||   128
         Flail             |       |       |       |     8 ||     8
 Invoke: Berserk           |       |       |     2 |     2 ||     4
         Trog's Hand       |       |       |       |     2 ||     2
    Use: Potion            |       |       |     1 |       ||     1
         Scroll            |       |       |     6 |     1 ||     7
 Armour: Animal skin       |    16 |       |       |       ||    16
         Scale mail        |    27 |    72 |       |       ||    99
         Skin              |     1 |       |       |       ||     1
         Chain mail        |       |    10 |   190 |   162 ||   362
  Dodge: Dodged            |    46 |    64 |   151 |    94 ||   355
  Block: Buckler           |       |       |     7 |    49 ||    56

Table legend: (Time is in decaauts)
 A = Elapsed time spent in this place.
 B = Non-inter-level travel time spent in this place.
 C = Inter-level travel time spent in this place.
 D = Time resting spent in this place.
 E = Time spent auto-exploring this place.
 F = Levels seen in this place.
 G = Mean time per level.
                   A        B        C        D        E       F      G
               +--------+--------+--------+--------+--------+-----+--------+
         Total |   9609 |   9368 |    241 |   1440 |   6271 |  12 |  800.8 |
       Dungeon |   7339 |   7124 |    215 |    977 |   4887 |   8 |  917.4 |
        Temple |      1 |      1 |      0 |      0 |      0 |   1 |    1.0 |
          Lair |   2268 |   2242 |     26 |    463 |   1384 |   3 |  756.0 |
               +--------+--------+--------+--------+--------+-----+--------+

Top non-repeatable levels by time:
  Lair:2: 1194 daAuts
     D:3: 1132 daAuts
     D:4: 1030 daAuts
     D:5: 1014 daAuts
     D:8: 993 daAuts
  Lair:1: 956 daAuts
     D:7: 903 daAuts
     D:2: 792 daAuts
     D:6: 753 daAuts
     D:1: 719 daAuts
  Lair:3: 118 daAuts
  Temple: 1 daAuts
